 Dungeon Crawl Stone Soup version 0.28-a0-1114-g8eb0198dcf (webtiles) character file.

Game seed: 7877357595685911334

16 ChaosChampion the Insei (level 2, -3/18 HPs)
             Began as an Octopode Transmuter on Dec 11, 2021.
             Slain by an adder (4 damage)
             ... on level 2 of the Dungeon.
             The game lasted 00:01:02 (472 turns).

ChaosChampion the Insei (Octopode Transmuter)        Turns: 472, Time: 00:01:03

Health: -3/18      AC:  1    Str:  9    XL:     2   Next: 54%
Magic:  4/5        EV: 13    Int: 15    God:
Gold:   49         SH:  0    Dex: 12    Spells: 4/5 levels left

rFire   . . .      SeeInvis .     - Unarmed
rCold   . . .      Faith    .   (no shield)
rNeg    . . .      Spirit   .   (helmet currently unavailable)
rPois   .          Reflect  .   (no amulet)
rElec   .          Harm     .   (no ring)
rCorr   .          Rampage  .   (no ring)
Will    .....                   (no ring)
Stlth   ++........              (no ring)
HPRegen 0.06/turn               (no ring)
MPRegen 0.09/turn               (no ring)
                                (no ring)
                                (no ring)

@: lethally poisoned (-3 -> -6), appendages
A: tentacle spike 3, almost no armour, amphibious, 8 rings, camouflage 1,
gelatinous body 1, (nimble swimmer 1), tentacles
a: End Transformation


You were on level 2 of the Dungeon.
One of your tentacles had grown a beastly spike.
You visited 1 branch of the dungeon, and saw 2 of its levels.

You collected 49 gold pieces.

Inventory:

Missiles
 c - 16 poisoned darts
Scrolls
 a - a scroll of vulnerability {unknown}
 b - a scroll of teleportation {unknown}
Potions
 d - a potion of lignification {unknown}


   Skills:
 - Level 1.0 Fighting
 - Level 2.0 Dodging
 * Level 3.8 Unarmed Combat
 - Level 2.0 Spellcasting
 - Level 2.0 Transmutations


You had 4 spell levels left.
You knew the following spells:

 Your Spells              Type           Power      Damage    Failure   Level
a - Beastly Appendage     Tmut           14%        N/A       10%         1

Your spell library contained the following spells:

 Spells                   Type           Power      Damage    Failure   Level
 Wereblood                Tmut           7%         N/A       14%         2
 Spider Form              Tmut/Pois      4%         N/A       41%         3
 Ice Form                 Ice/Tmut       4%         N/A       82%         4


Dungeon Overview and Level Annotations

Branches:
Dungeon (1/15)

Altars:


Innate Abilities, Weirdness & Mutations

One of your tentacles has grown a beastly spike.
You cannot wear most types of armour.
You are amphibious.
You can wear up to eight rings at the same time.
Your skin changes colour to match your surroundings (Stealth+).
Your rubbery body absorbs attacks. (AC +1, EV +1)
((You are camouflaged near water. (Stealth+)))
You have tentacles for arms and can constrict up to eight enemies at once.


Message History

You completely miss the adder. Your grab misses the adder.
You pierce the adder.
The adder is lightly wounded.
The adder completely misses you.
You miss the adder. Your grab misses the adder.
The adder is lightly wounded.
The adder closely misses you. The adder bites you.
You closely miss the adder. Your grab misses the adder.
You pierce the adder, but do no damage.
The adder is lightly wounded.
The hobgoblin misses you. The adder closely misses you.
You closely miss the adder. You grab the adder. Your squeeze misses the adder.
The adder is lightly wounded.
You constrict the adder, but do no damage.
The adder misses you. The hobgoblin closely misses you.
You tentacle-slap the adder but do no damage.
Your tentacle spike misses the adder.
The adder is lightly wounded.
You constrict the adder. The adder closely misses you.
The hobgoblin barely misses you.
You tentacle-slap the adder.
The adder is moderately wounded.
You constrict the adder. The adder bites you.
You are poisoned.
The adder poisons you! The hobgoblin completely misses you.
You barely miss the adder.
The adder is heavily wounded.
You constrict the adder.
You feel sick. The adder bites you.
A goblin comes into view. It is wielding a +0 dagger.
The hobgoblin hits you with a +0 club.
* * * LOW HITPOINT WARNING * * *
The adder bites you.
* * * LOW HITPOINT WARNING * * *
The goblin shouts!
You tentacle-slap the adder but do no damage.
The adder is severely wounded.
You constrict the adder.
* * * LOW HITPOINT WARNING * * *
You feel sick. The hobgoblin closely misses you. The adder bites you.
You die...

### ### #.. ..# #.#
#.##### ## #######.#
##.#...#... #.....>..
..'...'. #..)...#####
#.#...#
#......g...###.#...#...
#.###...g@S'...'.......
#......###.#...#...
#......# #.#...#
#......# #.#...#
#......# #.#...#
.........[...####
..#.#####..... ..#.
..... .. #. ###


You could see an adder, a hobgoblin and a goblin.

Vanquished Creatures
  4 ball pythons
  A bat (D:1)
  A giant cockroach (D:1)
  A goblin (D:1)
  A hobgoblin (D:1)
  A kobold (D:1)
  2 quokkas (D:1)
  2 frilled lizards (D:1)
  A rat (D:1)
14 creatures vanquished.

Notes
Turn   | Place    | Note
-------+----------+-------------------------------------------
     0 | D:1      | ChaosChampion the Octopode Transmuter began the quest for
                  | the Orb.
     0 | D:1      | Reached XP level 1. HP: 13/13 MP: 3/3
   254 | D:1      | Reached XP level 2. HP: 18/18 MP: 3/5
   439 | D:1      | You fall into a shaft and drop 1 floor!
   472 | D:2      | Slain by an adder

Illustrated notes

Levels and vault maps discovered:
D:1:      moated_graveyard_arrival, layout_loops_corners, serial_forest,
          infiniplex_forest_lined_3, infiniplex_forest_clump_medium,
          infiniplex_forest_straight_2, infiniplex_forest_lined_2,
          infiniplex_forest_clump_tiny, infiniplex_forest_straight_2,
          infiniplex_forest_clump_tiny, infiniplex_forest_lined_4_way,
          infiniplex_forest_lined_1, infiniplex_forest_lined_room_3,
          ebering_ecumenical_altar_webs, minmay_misc_feat_rugged
D:2:      layout_basic, basic_altar, st_stairs_7

Action                   || total
-------------------------++-------
Melee: Unarmed           ||    34
       Constrict         ||    10
       Tentacles         ||     6
       Kick              ||     7
 Cast: Beastly Appendage ||     7
 Stab: Sleeping          ||     4
Armor: Skin              ||     2
Dodge: Dodged            ||    24

Table legend: (Time is in decaauts)
 A = Elapsed time spent in this place.
 B = Non-inter-level travel time spent in this place.
 C = Inter-level travel time spent in this place.
 D = Time resting spent in this place.
 E = Time spent auto-exploring this place.
 F = Levels seen in this place.
 G = Mean time per level.
                   A        B        C        D        E       F      G
               +--------+--------+--------+--------+--------+-----+--------+
         Total |    469 |    469 |      0 |      0 |    341 |   2 |  234.5 |
       Dungeon |    469 |    469 |      0 |      0 |    341 |   2 |  234.5 |
               +--------+--------+--------+--------+--------+-----+--------+

Top non-repeatable levels by time:
     D:1: 437 daAuts
     D:2: 32 daAuts
